 Dungeon Crawl Stone Soup version 0.27.1 (webtiles) character file.

Game seed: 2927563026738271980

7091 ZARRMARR the Thaumaturge (level 10, -1/50 HPs)
             Began as a Deep Elf Earth Elementalist on Aug 30, 2021.
             Was a Believer of Sif Muna.
             Slain by a shadow (4 damage)
             ... on level 11 of the Dungeon.
             The game lasted 01:07:42 (13022 turns).

ZARRMARR the Thaumaturge (DEEE)                    Turns: 13022, Time: 01:07:44

Health: -1/50      AC:  7    Str:  5    XL:     10   Next: 84%
Magic:  13/28      EV: 15    Int: 24    God:    Sif Muna [**....]
Gold:   355        SH:  0    Dex: 15    Spells: 27/34 levels left

rFire    . . .     SeeInvis .   g - +5 dagger (speed)
rCold    . . .     Faith    .   (no shield)
rNeg     . . .     Spirit   .   b - +0 robe
rPois    +         Reflect  .   h - +1 helmet
rElec    .         Harm     .   G - +0 cloak
rCorr    +         Rampage  .   (no gloves)
Will     +....                  v - +1 pair of boots
Stlth    ++........             y - amulet of Zaruoqur {Acrobat rCorr}
HPRegen  0.16/turn              j - ring of poison resistance
MPRegen  0.21/turn              (no ring)

@: no status effects
A: no striking features
a: Renounce Religion, Channel Magic


You were on level 11 of the Dungeon.
You worshipped Sif Muna.
Sif Muna was pleased with you.
You visited 2 branches of the dungeon, and saw 12 of its levels.

You collected 443 gold pieces.
You spent 88 gold pieces at shops.

Inventory:

Hand Weapons
 g - a +5 dagger of speed (weapon)
 E - a +1 shortbow of flaming
 L - the +3 short sword of the Apocalypse {freeze, Dex+3}
   (You found it on level 10 of the Dungeon)

   It freezes those it strikes, dealing additional cold damage.
   It can also slow down cold-blooded creatures.
   Dex:       It affects your dexterity (+3).
Missiles
 a - 3 throwing nets
 e - 109 stones
 m - 10 boomerangs
 x - 13 poisoned darts (quivered)
 B - a curare-tipped dart
 F - 152 arrows
Armour
 b - a +0 robe (worn)
 h - a +1 helmet (worn)
 v - a +1 pair of boots (worn)
 G - a +0 cloak (worn)
Magical Staves
 l - a staff of earth
Jewellery
 j - a ring of poison resistance (left hand)
 y - the amulet of Zaruoqur (around neck) {Acrobat rCorr}
   (You found it on level 7 of the Dungeon)

   [amulet of the acrobat]

   It increases your evasion while moving and waiting.
   rCorr:     It protects you from acid and corrosion.
Wands
 r - a wand of flame (15)
 w - a wand of digging (5)
 C - a wand of paralysis (8)
 K - a wand of polymorph (13)
Scrolls
 f - 4 scrolls of magic mapping
 p - 2 scrolls of vulnerability
 q - 4 scrolls of fog
 s - a scroll of amnesia
 H - a scroll of enchant armour
 J - a scroll of silence {unknown}
 M - 2 scrolls of noise {unknown}
 N - a scroll of summoning {unknown}
Potions
 d - a potion of cancellation
 k - a potion of ambrosia {unknown}
 n - 2 potions of lignification {unknown}
 o - 3 potions of flight {unknown}
 t - a potion of might {unknown}
 z - a potion of degeneration {unknown}
 A - 2 potions of brilliance {unknown}
 D - a potion of attraction {unknown}
 I - a potion of curing {unknown}
 O - a potion of mutation


   Skills:
 * Level 7.0 Dodging
 - Level 2.4 Stealth
 + Level 12.8 Spellcasting
 * Level 5.7 Conjurations
 - Level 2.6 Transmutations
 * Level 11.3 Earth Magic
 * Level 4.2 Invocations


You had 27 spell levels left.
You knew the following spells:

 Your Spells              Type           Power      Damage    Failure   Level
a - Sandblast             Erth           100%       2d20      1%          1
b - Stone Arrow           Conj/Erth      100%       3d13      1%          3
c - Shock                 Conj/Air       100%       1d9       1%          1
d - Passwall              Tmut/Erth      40%        N/A       1%          2

Your spell library contained the following spells:

 Spells                   Type           Power      Damage    Failure   Level
 Petrify                  Tmut/Erth      49%        N/A       2%          4
 Dazzling Flash           Conj/Hex       58%        N/A       3%          3
 Ensorcelled Hibernation  Hex/Ice        30%        N/A       6%          2
 Spider Form              Tmut/Pois      10%        N/A       7%          3
 Ozocubu's Armour         Ice            15%        N/A       12%         3
 Swiftness                Air            15%        N/A       12%         3
 Iskenderun's Mystic Bla  Conj/Tloc      29%        2d7       12%         4
 Airstrike                Air            7%         N/A       36%         4
 Passage of Golubria      Tloc           N/A        N/A       36%         4
 Metabolic Englaciation   Hex/Ice        7%         N/A       73%         5
 Silence                  Hex/Air        7%         N/A       73%         5
 Starburst                Conj/Fire      14%        6d6       88%         6
 Shadow Creatures         Summ           N/A        N/A       99%         6
 Simulacrum               Ice/Necr       7%         N/A       99%         6
 Lehudib's Crystal Spear  Conj/Erth      27%        10d7      100%        8


Dungeon Overview and Level Annotations

Branches:
Dungeon (11/15)            Temple (1/1) D:4            Lair (0/6) D:8
    Orc (0/2) D:11

Altars:
Ashenzari
Cheibriados
Dithmenos
Elyvilon
Fedhas
Gozag
Hepliaklqana
Kikubaaqudgha
Makhleb
Nemelex Xobeh
Okawaru
Qazlal
Ru
Sif Muna
Trog
Uskayaw
Vehumet
Wu Jian
Xom
Yredelemnul
Zin
The Shining One

Shops:
D:3 (   D:10 !

Annotations:
D:7 3 runed translucent doors, Munclebunn's ghost, novice DrTm
D:8 3 runed translucent doors, WaxSun's ghost, novice FoAK


Message History

Deactivating autopickup; reactivate with Ctrl-A.
Unknown command.
Casting: Stone Arrow (safe; 1% risk of failure)
Confirm with . or Enter, or press ? or * to list all spells.
You can't see any susceptible monsters within range! (Use Z to cast anyway.) Unknown command.
Unknown command.
Casting: Stone Arrow (safe; 1% risk of failure)
Confirm with . or Enter, or press ? or * to list all spells.
Aiming: Stone Arrow (safe; 1% risk of failure)
Press: ? - help, Shift-Dir - straight line, f - tengu warrior
Aim: a tengu warrior, wielding a +3 glaive and wearing a +0 ring mail (61% to hit)
The stone arrow hits the tengu warrior!!
The tengu warrior is heavily wounded.
The tengu warrior shouts!
Something hits you but does no damage.
Casting: Stone Arrow (safe; 1% risk of failure)
Confirm with . or Enter, or press ? or * to list all spells.
Aiming: Sandblast (safe; 1% risk of failure)
Press: ? - help, Shift-Dir - straight line, f/p - tengu warrior
Aim: a tengu warrior, wielding a +3 glaive and wearing a +0 ring mail (heavily wounded, 71% to hit)
The blast of sand hits something!
e - 110 stones Something hits you.
The tengu warrior hits you from afar with a +3 glaive.
Something hits you but does no damage.
Casting: Sandblast (safe; 1% risk of failure)
Confirm with . or Enter, or press ? or * to list all spells.
Aiming: Sandblast (safe; 1% risk of failure)
Press: ? - help, Shift-Dir - straight line, f/p - tengu warrior
Aim: a tengu warrior, wielding a +3 glaive and wearing a +0 ring mail (heavily wounded, 71% to hit)
The blast of sand hits the tengu warrior!!
The tengu warrior is almost dead.
e - 109 stones Something hits you.
* * * LOW HITPOINT WARNING * * *
The tengu warrior hits you from afar with a +3 glaive!
* * * LOW HITPOINT WARNING * * *
The shadow strikes at you from the darkness!
You die...

**********##############*
,,,,,,,,,*#$............*
,,,,,,,,,,#.....@Q......*
,,,,,,,,,...............*
,,,,,,,,,#......Q.......*
,,,,,,,,,##....!......$.*
,,,,,,,,,*#.............*
*,***,****#.............*
*,* *,,* #.............*
*.###*,* #########+####*
,,....,* ***,,,*


You could see 2 tengu warriors.

Vanquished Creatures
  Snorg (D:10)
  A centaur warrior (D:10)
  A two-headed ogre (D:7)
  The ghost of RatsInWalls the Cudgeller, an amateur PaMo (D:4)
  2 trolls
  A hornet (D:8)
  A spriggan (D:7)
  2 water moccasins
  2 black bears (D:6)
  4 orc warriors
  2 ogres
  5 centaurs
  A kobold brigand (D:8)
  4 bullfrogs
  4 scorpions
  6 killer bees (D:7)
  A wight (D:4)
  9 howler monkeys
  A bullfrog zombie (D:7)
  2 centaur zombies
  3 jellies
  2 hounds
  2 orc priests
  3 centaur skeletons
  Terence (D:3)
  Natasha (thrice) (D:4)
  4 iguanas
  14 orc wizards
  A killer bee zombie (D:9)
  2 howler monkey zombies
  Robin (D:3)
  4 gnolls (D:6)
  A howler monkey skeleton (D:7)
  3 adders
  An adder zombie (D:5)
  A worm (D:3)
  4 dart slugs
  18 orcs
  7 ball pythons
  8 endoplasms
  2 giant cockroaches
  15 goblins
  7 hobgoblins
  3 quokkas
  4 bats
  4 frilled lizards
  9 kobolds
  4 rats
182 creatures vanquished.

Vanquished Creatures (others)
  A plant (D:7)
1 creature vanquished.

Grand Total: 183 creatures vanquished

Notes
Turn   | Place    | Note
-------+----------+-------------------------------------------
     0 | D:1      | ZARRMARR the Deep Elf Earth Elementalist began the quest
                  | for the Orb.
     0 | D:1      | Reached XP level 1. HP: 10/10 MP: 6/6
   406 | D:1      | Reached XP level 2. HP: 15/15 MP: 6/8
   723 | D:1      | Found a faded altar of an unknown god.
   876 | D:1      | Learned a level 2 spell: Passwall
   982 | D:2      | Reached XP level 3. HP: 19/19 MP: 0/10
  1775 | D:3      | Reached skill level 4 in Spellcasting
  2174 | D:2      | Learned a level 3 spell: Stone Arrow
  2189 | D:3      | Found Tiaxiffu's Weapon Shop.
  2206 | D:3      | Noticed Terence
  2210 | D:3      | Killed Terence
  2211 | D:3      | Reached skill level 1 in Conjurations
  2211 | D:3      | Reached XP level 4. HP: 24/24 MP: 4/12
  2370 | D:3      | Noticed Robin
  2937 | D:3      | Reached XP level 5. HP: 28/28 MP: 7/14
  2956 | D:3      | Reached skill level 5 in Spellcasting
  3225 | D:3      | Found a sparkling altar of Nemelex Xobeh.
  3301 | D:3      | Killed Robin
  3803 | D:4      | Reached skill level 5 in Earth Magic
  3895 | D:4      | Reached XP level 6. HP: 32/32 MP: 7/16
  3897 | D:4      | Noticed Natasha
  3903 | D:4      | Killed Natasha
  3987 | D:4      | Noticed Natasha
  3989 | D:4      | Killed Natasha
  4061 | D:4      | Noticed Natasha
  4068 | D:4      | Killed Natasha
  4069 | D:4      | Reached skill level 6 in Spellcasting
  4158 | D:4      | Found a runed translucent gate.
  4158 | D:4      | Found a runed translucent gate.
  4158 | D:4      | Found a runed translucent gate.
  4159 | D:4      | Noticed RatsInWalls's ghost (amateur PaMo)
  4229 | D:4      | Found a glowing golden altar of the Shining One.
  4346 | D:4      | Found a staircase to the Ecumenical Temple.
  4358 | Temple   | Entered the Ecumenical Temple
  4390 | Temple   | Became a worshipper of Ru the Awakened
  4395 | Temple   | Fell from the grace of Ru
  4395 | Temple   | Became a worshipper of Sif Muna the Loreminder
  4604 | D:4      | Found an ancient bone altar of Kikubaaqudgha.
  4746 | D:5      | Entered Level 5 of the Dungeon
  4746 | D:5      | Found a broken altar of Ashenzari.
  4854 | D:5      | Reached XP level 7. HP: 17/36 MP: 10/18
  5225 | D:5      | Reached skill level 7 in Spellcasting
  5896 | D:6      | Reached skill level 8 in Spellcasting
  5896 | D:6      | Reached XP level 8. HP: 41/41 MP: 12/22
  6312 | D:6      | Reached skill level 9 in Spellcasting
  6678 | D:6      | Reached * piety under Sif Muna
  6891 | D:7      | Reached skill level 5 in Dodging
  6894 | D:7      | Noticed a two-headed ogre
  6896 | D:7      | Noticed a troll
  7261 | D:7      | Found a shadowy altar of Dithmenos.
  7285 | D:7      | Identified the amulet of Zaruoqur {Acrobat rCorr}
  7320 | D:7      | Reached XP level 9. HP: 45/45 MP: 20/24
  7322 | D:7      | Reached skill level 10 in Spellcasting
  7324 | D:7      | Reached skill level 1 in Invocations
  7603 | D:7      | Found a runed translucent gate.
  7606 | D:7      | Found a runed translucent gate.
  7607 | D:7      | Found a runed translucent gate.
  7607 | D:7      | Noticed Munclebunn's ghost (novice DrTm)
  7818 | D:7      | Killed a two-headed ogre
  7819 | D:7      | Reached skill level 11 in Spellcasting
  7831 | D:7      | Killed a troll
  8060 | D:7      | Learned a level 1 spell: Shock
  8198 | D:4      | Killed RatsInWalls's ghost
  8508 | D:8      | Found an ornate altar of the Wu Jian Council.
  8648 | D:8      | Found a runed translucent gate.
  8681 | D:8      | Reached XP level 10. HP: 26/50 MP: 15/27
  8835 | D:8      | Found a runed translucent gate.
  8836 | D:8      | Found a runed translucent gate.
  8933 | D:8      | Found a staircase to the Lair.
  9197 | D:8      | Reached skill level 10 in Earth Magic
  9392 | D:8      | Reached ** piety under Sif Muna
  9467 | D:8      | Reached skill level 5 in Conjurations
  9872 | D:8      | Reached skill level 12 in Spellcasting
 10048 | D:8      | Noticed WaxSun's ghost (novice FoAK)
 10573 | D:9      | Found a radiant altar of Vehumet.
 10886 | D:9      | Found an iron altar of Okawaru.
 11167 | D:10     | Entered Level 10 of the Dungeon
 11215 | D:10     | Identified the +3 short sword of the Apocalypse {freeze,
                  | Dex+3}
 11690 | D:10     | Found Decreump's Distillery.
 11698 | D:10     | Bought a potion of mutation for 88 gold pieces
 11810 | D:10     | Noticed Snorg
 11961 | D:10     | Killed Snorg
 12106 | D:10     | Noticed a centaur warrior
 12115 | D:10     | Killed a centaur warrior
 12297 | D:10     | Found a burning altar of Makhleb.
 12484 | D:10     | Found a blossoming altar of Fedhas.
 13009 | D:11     | Noticed a gargoyle
 13018 | D:11     | Noticed a tengu warrior
 13018 | D:11     | Noticed a tengu warrior
 13022 | D:11     | Slain by a shadow

Illustrated notes

Levels and vault maps discovered:
D:1:      dpeg_arrival_windows_large_door, layout_loops_cross,
          shapermc_ecumenical_altar_mp_vishouse, minmay_tripent
D:2:      layout_loops_ring, chequers_mini_garden, minmay_tromino_v4_a
D:3:      layout_basic, nemelex_xobeh_ov_fountains_minmay, serial_shops, shop,
          uniq_terence, uniq_robin
D:4:      layout_cave_pools, lemuel_coloured_pillars_altar,
          nicolae_tso_swordbearing_angel, minmay_temple_entry_crystal_x,
          gammafunk_ghost_split, uniq_natasha
D:5:      layout_basic, mainiacjoe_overflow_paths
D:6:      layout_basic
D:7:      layout_loops_cross, mainiacjoe_overflow_chevrons,
          gammafunk_ghost_necromancy, nicolae_water_bricks, the_hattery
D:8:      minmay_flawed_box, layout_layer_cave, overflow_temple_1_default,
          lair_entry_dummy, gammafunk_ghost_icy
D:9:      layout_cave_pools, kennysheep_okawaru_gauntlet,
          mainiacjoe_overflow_small_starburst
D:10:     layout_basic, mainiacjoe_overflow_alcove_1, kennysheep_mini_moat,
          serial_rivers, chequers_serial_rivers_marsh,
          chequers_serial_rivers_micro_b, chequers_serial_rivers_marsh,
          chequers_serial_rivers_micro_a, chequers_serial_rivers_small_b,
          chequers_serial_rivers_large_b, serial_shops, shop, uniq_snorg
D:11:     layout_roguey, david_orc_1_choice, enter_bailey_3,
          portal_ice_cave_rime
Temple:   minmay_temple_bridge_abc

Skill      XL: |  1  2  3  4  5  6  7  8  9 10 |
---------------+-------------------------------+-----
Earth Magic    | 4 5 6 8 9 11 | 11.3
Spellcasting   | 4 5 6 8 9 11 12 | 12.8
Conjurations   | 1 2 3 4 5 |  5.7
Dodging        | 3 4 5 7 |  7.0
Transmutations | 2 |  2.6
Invocations    | 2 4 |  4.2
Stealth        | |  2.4

Action                   |  1- 3 |  4- 6 |  7- 9 | 10-12 || total
-------------------------+-------+-------+-------+-------++-------
Melee: Dagger            |    18 |    35 |       |       ||    53
Throw: Dart              |       |    34 |    63 |    27 ||   124
       Boomerang         |       |       |     1 |     4 ||     5
       Throwing net      |       |       |       |     3 ||     3
 Cast: Sandblast         |    50 |    23 |    63 |    68 ||   204
       Stone Arrow       |     2 |    31 |    42 |    30 ||   105
       Shock             |       |       |       |    14 ||    14
  Use: Scroll            |     5 |     5 |     1 |     7 ||    18
       Potion            |       |       |     2 |     2 ||     4
 Stab: Sleeping          |       |     1 |       |       ||     1
Armor: Robe              |     4 |    10 |     5 |     7 ||    26
Dodge: Dodged            |    16 |    17 |    27 |    36 ||    96
